 Dungeon Crawl Stone Soup version 0.32-a0-673-g3729bd50f8 (webtiles) character file.

Game seed: 10002576724126863901

16415671 gimp the Archmage (level 27, 242/242 HPs)
             Began as a Mummy Earth Elementalist on Mar 10, 2024.
             Was the Champion of Vehumet.
             Escaped with the Orb
             ... and 15 runes
             ... and 2 gems!
             The game lasted 04:38:23 (96062 turns).

gimp the Archmage (Mummy Earth Elementalist)       Turns: 96062, Time: 04:38:23

Health: 242/242    AC: 29    Str: 18    XL:     27
Magic:  54/54      EV: 19    Int: 34    God:    Vehumet [******]
Gold:   7993       SH: 19    Dex: 18    Spells: 1/80 levels left

rFire   + + .        b - staff of conjuration
rCold   + + .        O - +5 kite shield {rF+}
rNeg    + + +        c - +6 faerie dragon scales {rCorr Int+4}
rPois   ∞            l - +4 helmet of the Eternal Void {Will+ Regen+}
rElec   +            v - +1 cloak of Space {rElec Int+3}
rCorr   +            r - +2 pair of gloves of Darkness {rC+ Str+4}
SInv    +            N - +3 pair of boots of Incorporation {rF+ rC+}
Will    +++++        C - amulet "Fiach" {rN+ Regen+ RegenMP+ Str-4 Dex+5}
Stlth   +            I - ring of flight
HPRegen 2.20/turn    z - ring of Daseitid {rF+ rC- Will+ rCorr Str+6 SInv}
MPRegen 0.74/turn

%: faith
@: flying, studying 2 skills
A: cold resistance 1, negative energy resistance 3, torment resistance 2, heat
vulnerability 1, in touch with death 2, no potions, faith
0: Orb of Zot
}: 15/15 runes: decaying, serpentine, slimy, silver, golden, iron, obsidian,
icy, bone, abyssal, demonic, glowing, magical, fiery, dark
a: Renounce Religion


You escaped.
You worshipped Vehumet.
Vehumet was exalted by your worship.
You visited 18 branches of the dungeon, and saw 88 of its levels.
You visited Pandemonium 1 time, and saw 16 of its levels.
You visited the Abyss 1 time.
You visited 2 bazaars.
You also visited: Trove, Gauntlet and Volcano.

You collected 15233 gold pieces.
You spent 7240 gold pieces at shops.

Inventory:

Missiles
 y - 26 curare-tipped darts
 L - 3 throwing nets
Armour
 c - the +6 faerie dragon scales (worn) {rCorr Int+4}
   (You took it off the Enchantress on level 1 of the Depths)

   Int+4:     It affects your intelligence (+4).
   rCorr:     It protects you from acid and corrosion.
 l - the +4 helmet of the Eternal Void (worn) {Will+ Regen+}
   (You found it on level 4 of the Dungeon)

   Will+:     It increases your willpower.
   Regen+:    It increases your rate of health regeneration.
 r - the +2 pair of gloves of Darkness (worn) {rC+ Str+4}
   (You bought it in a shop on level 2 of the Vaults)

   Str+4:     It affects your strength (+4).
   rC+:       It protects you from cold.
 v - the +1 cloak of Space (worn) {rElec Int+3}
   (You found it in a Gauntlet)

   Int+3:     It affects your intelligence (+3).
   rElec:     It insulates you from electricity.
 A - the +5 ring mail "Zojocau" {rF+ rN+ Regen+ rCorr}
   (You bought it in a shop on level 2 of the Vaults)

   rF+:       It protects you from fire.
   rN+:       It protects you from negative energy.
   Regen+:    It increases your rate of health regeneration.
   rCorr:     It protects you from acid and corrosion.
 G - a +3 leather armour of cold resistance
 N - the +3 pair of boots of Incorporation (worn) {rF+ rC+}
   (You found it in a Gauntlet)

   rF+:       It protects you from fire.
   rC+:       It protects you from cold.
 O - a +5 kite shield of fire resistance (worn)
Magical Staves
 a - the staff "Cititinu" {rF+ Int+4 Hexes Fire Alchemy}
   (You found it on level 2 of the Depths)

   [staff of fire]

   Base accuracy: +5 Base damage: 5 Base attack delay: 1.2 This weapon's minimum
   attack delay (0.6) is reached at skill level 12.
   Int+4:     It affects your intelligence (+4).
   rF+:       It protects you from fire.
   Hexes:     It increases the power of your Hexes spells.
   Fire:      It increases the power of your Fire spells.
   Alchemy:   It increases the power of your Alchemy spells.
   It falls into the 'Staves' category.
   It is a one-handed weapon.
 b - a staff of conjuration (weapon)
 w - the staff of Zuareuj {+Blink rElec Air}
   (You found it in Pandemonium)

   [staff of air]

   Base accuracy: +5 Base damage: 5 Base attack delay: 1.2 This weapon's minimum
   attack delay (0.6) is reached at skill level 12.
   rElec:     It insulates you from electricity.
   +Blink:    It lets you blink.
   Air:       It increases the power of your Air spells.
   It falls into the 'Staves' category.
   It is a one-handed weapon.
 T - the staff of Ettysah {rElec rPois rC- Int+7 Alchemy}
   (You took it off an occultist on level 2 of the Snake Pit)

   [staff of alchemy]

   Base accuracy: +5 Base damage: 5 Base attack delay: 1.2 This weapon's minimum
   attack delay (0.6) is reached at skill level 12.
   Int+7:     It affects your intelligence (+7).
   rC-:       It makes you vulnerable to cold.
   rElec:     It insulates you from electricity.
   rPois:     It protects you from poison.
   Alchemy:   It increases the power of your Alchemy spells.
   It falls into the 'Staves' category.
   It is a one-handed weapon.
Jewellery
 u - a ring of see invisible
 z - the ring of Daseitid (right hand) {rF+ rC- Will+ rCorr Str+6 SInv}
   (You acquired it on level 3 of the Lair of Beasts)

   [ring of strength]

   Str+6:     It affects your strength (+6).
   rF+:       It protects you from fire.
   rC-:       It makes you vulnerable to cold.
   Will+:     It increases your willpower.
   SInv:      It lets you see invisible.
   rCorr:     It protects you from acid and corrosion.
 B - the ring of Gurumile {rPois rC+ Will+ Int+3 Slay+3}
   (You found it in Pandemonium)

   [ring of poison resistance]

   Int+3:     It affects your intelligence (+3).
   Slay+3:    It affects your accuracy & damage with ranged weapons and melee
   (+3).
   rC+:       It protects you from cold.
   rPois:     It protects you from poison.
   Will+:     It increases your willpower.
 C - the amulet "Fiach" (around neck) {rN+ Regen+ RegenMP+ Str-4 Dex+5}
   (You bought it in a shop on level 9 of the Dungeon)

   [amulet of magic regeneration]

   It increases your rate of magic regeneration.
   Str-4:     It affects your strength (-4).
   Dex+5:     It affects your dexterity (+5).
   rN+:       It protects you from negative energy.
   Regen+:    It increases your rate of health regeneration.
   RegenMP+:  It increases your rate of magic regeneration.
 D - the ring of Qugutaut {Will+ rCorr Dex+3 Slay+4 Stlth+}
   (You bought it in a shop on level 4 of the Depths)

   [ring of slaying]

   Dex+3:     It affects your dexterity (+3).
   Slay+4:    It affects your accuracy & damage with ranged weapons and melee
   (+4).
   Will+:     It increases your willpower.
   rCorr:     It protects you from acid and corrosion.
   Stlth+:    It makes you more stealthy.
 F - a +5 ring of evasion
 I - a ring of flight (left hand)
 J - the ring of the Tempest {+Blink rPois rCorr}
   (You found it in Pandemonium)

   [ring of poison resistance]

   rPois:     It protects you from poison.
   +Blink:    It lets you blink.
   rCorr:     It protects you from acid and corrosion.
 S - a +6 ring of intelligence
 U - the ring of Ydwapsio {Wiz rN++ Str+2 Dex+3 Stlth-}
   (You found it in Pandemonium)

   [ring of wizardry]

   Wiz:       It improves your spell success rate.
   Str+2:     It affects your strength (+2).
   Dex+3:     It affects your dexterity (+3).
   rN++:      It greatly protects you from negative energy.
   Stlth-:    It makes you less stealthy.
 V - the ring "Amuarphour" {rElec Str+6 Int+2 Slay+3}
   (You found it in Pandemonium)

   [ring of strength]

   Str+6:     It affects your strength (+6).
   Int+2:     It affects your intelligence (+2).
   Slay+3:    It affects your accuracy & damage with ranged weapons and melee
   (+3).
   rElec:     It insulates you from electricity.
 X - a ring of resist corrosion
 Y - the ring "Giahyif" {rN++ Dex+6}
   (You found it on level 3 of the Crypt)

   [ring of dexterity]

   Dex+6:     It affects your dexterity (+6).
   rN++:      It greatly protects you from negative energy.
 Z - the ring of Xicostrec {Fire *Slow rN++ Int-2 Dex+5 SInv}
   (You found it on level 3 of the Crypt)

   [ring of fire]

   Fire:      It enhances your fire magic.
   Int-2:     It affects your intelligence (-2).
   Dex+5:     It affects your dexterity (+5).
   rF+:       It protects you from fire.
   rC-:       It makes you vulnerable to cold.
   rN++:      It greatly protects you from negative energy.
   SInv:      It lets you see invisible.
   *Slow:     It may slow you when you take damage.
Wands
 e - a wand of acid (83)
 m - a wand of digging (20)
 n - a wand of charming (105)
 q - a wand of iceblast (110)
 s - a wand of flame (284)
 E - a wand of polymorph (54)
 H - a wand of mindburst (34)
Scrolls
 f - 16 scrolls of teleportation
 g - 13 scrolls of immolation
 h - a scroll of blinking
 i - 3 scrolls of torment
 j - 17 scrolls of fog
 k - 13 scrolls of fear
 o - 3 scrolls of revelation
 p - 11 scrolls of poison
 t - 12 scrolls of vulnerability
 x - 9 scrolls of amnesia
 K - 9 scrolls of butterflies
Miscellaneous
 d - the horn of Geryon
 M - a box of beasts
 P - a condenser vane
 Q - a phial of floods
 R - a lightning rod (4/4)


   Skills:
 + Level 25.4 Fighting
 - Level 12.0 Staves
 - Level 7.0 Armour
 - Level 13.3 Dodging
 - Level 1.5 Stealth
 - Level 16.0 Shields
 O Level 27 Spellcasting
 - Level 22.0 Conjurations
 - Level 22.0 Fire Magic
 - Level 22.0 Air Magic
 - Level 18.0 Earth Magic
 - Level 8.0 Alchemy
 - Level 13.1 Evocations


You had one spell level left.
You knew the following spells:

 Your Spells              Type           Power      Damage    Failure   Level
a - Lehudib's Crystal Sp  Conj/Erth      67%        10d15     1%          8
b - Maxwell's Capacitive  Air            57%        ∞         1%          8
c - Passwall              Erth           100%       N/A       0%          3
d - Iskenderun's Mystic   Conj/Tloc      100%       2d19      1%          4
e - Blink                 Tloc           90%        N/A       1%          2
f - Irradiate             Conj/Alch      61%        3d32      1%          5
g - Apportation           Tloc           90%        N/A       1%          1
h - Fire Storm            Conj/Fire      69%        8d17      3%          9
i - Plasma Beam           Fire/Air       57%        2x1d72    0%          6
j - Bombard               Conj/Erth      67%        9d11      1%          6
k - Fireball              Conj/Fire      69%        3d26      0%          5
l - Ignition              Fire           57%        3d16      1%          8
m - Yara's Violent Unrav  Hex/Alch       32%        3d13      1%          5
n - Chain Lightning       Conj/Air       69%        3d92      3%          9

Your spell library contained the following spells:

 Spells                   Type           Power      Damage    Failure   Level
 Polar Vortex             Ice            22%        12d3*     100%        9
 Foxfire                  Conj/Fire      100%       2x1d9     0%          1
 Kiss of Death            Conj/Necr      100%       2d13      0%          1
 Magic Dart               Conj           100%       1d8       0%          1
 Sandblast                Erth           100%       2d20      0%          1
 Shock                    Conj/Air       100%       1d9       0%          1
 Sting                    Conj/Alch      100%       1d9       0%          1
 Freeze                   Ice            100%       1d10      1%          1
 Necrotise                Necr           100%       1d9       1%          1
 Summon Small Mammal      Summ           100%       N/A       1%          1
 Mercury Vapours          Alch/Air       100%       N/A       0%          2
 Momentum Strike          Conj/Tloc      100%       3d10      0%          2
 Scorch                   Fire           100%       2d9       0%          2
 Searing Ray              Conj           100%       2d8       0%          2
 Static Discharge         Conj/Air       100%       3-8/arc   0%          2
 Mephitic Cloud           Conj/Alch/Air  100%       N/A       0%          3
 Stone Arrow              Conj/Erth      100%       3d13      0%          3
 Swiftness                Air            100%       N/A       0%          3
 Airstrike                Air            57%        2d(9-25)  0%          4
 Brom's Barrelling Bould  Conj/Erth      100%       2d11      0%          4
 Flame Wave               Conj/Fire      100%       2d21      0%          4
 Fulminant Prism          Conj/Alch      61%        3d26      0%          4
 Sticky Flame             Fire/Alch      99%        2d15      0%          4
 Arcjolt                  Conj/Air       69%        1d79      0%          5
 Lee's Rapid Deconstruct  Erth           53%        3d25*     0%          5
 Conjure Ball Lightning   Conj/Air       69%        3x3d26    0%          6
 Starburst                Conj/Fire      69%        6d18      0%          6
 Cigotuvi's Dreadful Rot  Necr/Alch/Air  100%       N/A       1%          2
 Ensorcelled Hibernation  Hex/Ice        90%        N/A       1%          2
 Lesser Beckoning         Tloc           90%        N/A       1%          2
 Dazzling Flash           Conj/Hex       100%       N/A       1%          3
 Frozen Ramparts          Ice            90%        1d14      1%          3
 Hailstorm                Conj/Ice       100%       3d16      1%          3
 Inner Flame              Hex/Fire       88%        N/A       1%          3
 Volatile Blastmotes      Fire/Tloc      100%       2d18      1%          3
 Animate Armour           Summ/Erth      100%       N/A       1%          4
 Leda's Liquefaction      Alch/Erth      47%        N/A       1%          4
 Olgreb's Toxic Radiance  Alch           79%        N/A       1%          4
 Petrify                  Alch/Erth      94%        N/A       1%          4
 Summon Blazeheart Golem  Fire/Summ      88%        N/A       1%          4
 Summon Lightning Spire   Summ/Air       88%        N/A       1%          4
 Vhi's Electric Charge    Tloc/Air       100%       N/A       1%          4
 Alistair's Intoxication  Alch           52%        N/A       1%          5
 Borgnjor's Vile Clutch   Necr/Erth      63%        N/A       1%          5
 Silence                  Hex/Air        44%        N/A       1%          5
 Eringya's Noxious Bog    Alch           39%        4d6       1%          6
 Call Canine Familiar     Summ           45%        N/A       2%          3
 Fugue of the Fallen      Necr           80%        N/A       2%          3
 Gell's Gravitas          Tloc           45%        N/A       2%          3
 Ozocubu's Armour         Ice            45%        N/A       2%          3
 Sigil of Binding         Hex            45%        N/A       2%          3
 Summon Ice Beast         Ice/Summ       45%        N/A       2%          3
 Teleport Other           Tloc           45%        N/A       2%          3
 Tukima's Dance           Hex            45%        N/A       2%          3
 Vampiric Draining        Necr           80%        2d11      2%          3
 Spellforged Servitor     Conj/Summ      55%        N/A       2%          7
 Anguish                  Hex/Necr       40%        N/A       9%          4
 Animate Dead             Necr           80%        N/A       9%          4
 Cause Fear               Hex            22%        N/A       9%          4
 Dimensional Bullseye     Hex/Tloc       22%        N/A       9%          4
 Dispel Undead            Necr           80%        3d26      9%          4
 Manifold Assault         Tloc           45%        N/A       9%          4
 Martyr's Knell           Necr/Summ      80%        N/A       9%          4
 Curse of Agony           Necr           80%        N/A       26%         5
 Metabolic Englaciation   Hex/Ice        22%        N/A       26%         5
 Summon Forest            Summ/Tloc      22%        N/A       26%         5
 Summon Mana Viper        Hex/Summ       45%        N/A       26%         5
 Sculpt Simulacrum        Ice/Alch       32%        N/A       26%         6
 Death Channel            Necr           40%        N/A       80%         6
 Dispersal                Tloc           22%        N/A       80%         6
 Summon Cactus Giant      Summ           22%        N/A       80%         6
 Ozocubu's Refrigeration  Ice            22%        4d12      86%         7
 Enfeeble                 Hex            22%        N/A       100%        7
 Haunt                    Necr/Summ      40%        N/A       100%        7
 Malign Gateway           Summ/Tloc      22%        N/A       100%        7
 Monstrous Menagerie      Summ           22%        N/A       100%        7
 Summon Hydra             Summ           22%        N/A       100%        7
 Discord                  Hex            22%        N/A       100%        8
 Disjunction              Tloc           22%        N/A       100%        8
 Infestation              Necr           40%        N/A       100%        8
 Summon Horrible Things   Summ           22%        N/A       100%        8
 Dragon's Call            Summ           22%        N/A       100%        9
 Sublimation of Blood     Necr           Unusable   N/A       N/A         2
 Borgnjor's Revivificati  Necr           Unusable   N/A       N/A         8
 Death's Door             Necr           Unusable   N/A       N/A         9

Dungeon Overview and Level Annotations

Branches:
Dungeon (15/15)            Temple (1/1) D:4            Lair (5/5) D:10
  Swamp (4/4) Lair:3        Snake (4/4) Lair:3        Slime (5/5) Lair:5
    Orc (2/2) D:10            Elf (3/3) Orc:2        Vaults (5/5) D:14
  Crypt (3/3) Vaults:3       Tomb (3/3) Crypt:3      Depths (4/4) D:15
   Hell (visited)             Dis (7/7) Hell            Geh (7/7) Hell
    Coc (7/7) Hell            Tar (7/7) Hell            Zot (5/5) Depths:4
Volcano (visited)         Gauntlet (visited)

Altars:
Ashenzari
Cheibriados
Dithmenos
Fedhas
Gozag
Hepliaklqana
Kikubaaqudgha
Makhleb
Nemelex Xobeh
Okawaru
Qazlal
Ru
Sif Muna
Trog
Uskayaw
Vehumet
Wu Jian
Xom
Yredelemnul
Beogh
Jiyva

Shops:
D:7 :   D:9 *(=   Orc:2 :*[(   Elf:1 (   Elf:2 :   Elf:3 (*((=   Snake:2 (
Vaults:1 [   Vaults:2 *[   Vaults:5 ?!?!!   Depths:4 =:=

Portals:
Hell: Depths:1 Depths:2 Depths:3 Depths:4
Abyss: Snake:2 Depths:1 Depths:2 Depths:3
Pandemonium: Depths:1 Depths:2 Depths:3 Depths:4
Ziggurat: Depths:1

Annotations:
D:12 exclusion: orange crystal statue
Elf:2 3 runed translucent doors, exclusion: 3 doors
Tomb:3 Boris
Depths:2 1 runed translucent door
Tar:3 16 runed translucent doors


Innate Abilities, Weirdness & Mutations

You are immune to poison.
Your flesh is cold resistant. (rC+)
You are immune to negative energy. (rN+++)
You are immune to unholy pain and torment.
You are vulnerable to heat. (rF-)
You are strongly in touch with the powers of death.
You do not drink.
You have a special connection with the divine. (Faith)


Message History

Aim: an Orb Guardian (78% to hit)
You feel a surge of power!
The crystal spear hits the Orb Guardian!!!!
The Orb Guardian is almost dead.
You now have 40/54 mp.
Casting: Lehudib's Crystal Spear (mildly dangerous; 1% risk of failure)
Confirm with . or Enter, or press ? or * to list all spells.
Aiming: Lehudib's Crystal Spear (mildly dangerous; 1% risk of failure)
Press: ? - help, Shift-Dir - straight line, f/p - Orb Guardian
Aim: an Orb Guardian (almost dead, 78% to hit)
You feel a surge of power!
The crystal spear hits the Orb Guardian!!!
You kill the Orb Guardian!
Vehumet accepts your kill.
You feel your power returning.
You now have 35/54 mp.
There is a stone staircase leading down here.
There is a stone staircase leading up here.
You fly upwards.
There is a stone staircase leading down here.
There is an escape hatch in the floor, spattered with blood here.
Magic restored.
Items here: ))) [[.
There is a stone staircase leading up here.
You fly upwards.
There is a stone staircase leading down here.
Things that are here:
a +0 robe; a +0 dagger; an orc skeleton A demonspawn black sun comes into view.
It is wielding a +0 glaive.
MP restored: 54
There is an open door here.
You reach down and close the door.
A demonspawn black sun breaks down the door.
There is an open door here.
There is an open door here.
There is a stone staircase leading up here.
You fly upwards.
There is a stone staircase leading down here.
There is a stone staircase leading up here.
You fly upwards.
There is a stone staircase leading down here.
There is a stone staircase leading up here.
You fly upwards.
There is a stone staircase leading down here.
There is a stone staircase leading up here.
You fly upwards.
There is a stone staircase leading down here.
There is an escape hatch in the ceiling here.
An Orb Guardian comes into view.
There is a stone staircase leading up here.
You fly upwards.
There is a stone staircase leading down here.
A green death comes into view.
Casting: Lehudib's Crystal Spear (mildly dangerous; 1% risk of failure)
Confirm with . or Enter, or press ? or * to list all spells.
You can't see any susceptible monsters within range! (Use Z to cast anyway.)
Things that are here:
a +0 leather armour; a +0 flail The green death gestures at you.
There is an open door here.
There is a stone staircase leading up here.
You fly upwards.
There is a stone staircase leading down here.
There is a stone staircase leading up here.
You see here a +1 dagger of freezing.
You fly upwards.
There is a stone staircase leading down here.
You see here a +0 club.
There is a stone staircase leading up here.
You fly upwards.
There is a stone staircase leading down here.
A rust devil comes into view.
Casting: Lehudib's Crystal Spear (mildly dangerous; 1% risk of failure)
Confirm with . or Enter, or press ? or * to list all spells.
Aiming: Lehudib's Crystal Spear (mildly dangerous; 1% risk of failure)
Press: ? - help, Shift-Dir - straight line, f - rust devil
Aim: a rust devil (88% to hit)
You feel a surge of power!
The crystal spear hits the rust devil!!!!
You kill the rust devil!
Vehumet accepts your kill.
You feel your power returning.
You now have 51/54 mp.
Casting: Lehudib's Crystal Spear (mildly dangerous; 1% risk of failure)
Confirm with . or Enter, or press ? or * to list all spells.
You can't see any susceptible monsters within range! (Use Z to cast anyway.) Magic restored.
You see here a +0 sling.
Things that are here:
a +0 short sword; a kobold skeleton
Things that are here:
5 stones; a +0 short sword; a kobold skeleton You see here a jackal skeleton.
There is a stone staircase leading up here.
You fly upwards.
There is a stone staircase leading down here.
You see here a jackal skeleton.
There is a staircase leading out of the dungeon here.
MP restored: 54 You have escaped!

.....#...#.#.#.#.#.#.#.#...###.#.
.......##...............##.# #.#.
..#.##.#..........#......#.###.#.
.......##.......#.......##.....#.
###.##.#......#....#.....#.###...
# #.##.##...#...........##.......
###.##.#..#...#.#.#.#....#.#.#.#.
##..##.##...............##.......
##..##.#...#..#.@.#..#...#.#...#.
##..##.##...............##.......
##..##.#....#.#.#.#...#..#.#...#.
##.###.##...........#...##.#...#.
##.###.#.....#....#......#.#...#.
.......##.......#.......##.#.).#.
##.....#......#..........#.......
##.....##...............##.#...#.
.........#.#.#.#.#.#.#.#...#...#.


There were no monsters in sight!

Vanquished Creatures
  Cerebov (Pan)
  Asmodeus (Geh:7)
  Antaeus (Coc:7)
  the Royal Jelly (Slime:5)
  Gloorx Vloq (Pan)
  Mnoleg (Pan)
  Ereshkigal (Tar:7)
  Lom Lobon (Pan)
  Dispater (Dis:7)
  7 dread liches
  5 orbs of fire
  6 ancient liches
  Mennas (Crypt:2)
  3 juggernauts (Dis:7)
  2 royal mummies (Tomb:1)
  Bai Suzhen (Vaults:4)
  Boris (Crypt:2)
  Vashnia (Snake:4)
  4 Killer Klowns (Zot:5)
  4 shard shrikes (Coc:7)
  Margery (Vaults:4)
  Geryon (Hell)
  18 caustic shrikes
  6 profane servitors
  9 golden dragons
  10 pandemonium lords
  17 Tzitzimimeh
  Jory (Crypt:2)
  17 tentacled monstrosities
  the Enchantress (Depths:1)
  3 electric golems
  19 Brimstone Fiends
  5 doom hounds
  9 hellephants
  17 iron giants
  16 bone dragons
  30 Ice Fiends
  15 liches
  Mlioglotl (Snake:1)
  22 tainted leviathans
  16 Hell Sentinels
  Zenata (Elf:3)
  2 deep elf blademasters (Elf:3)
  27 Orb Guardians
  2 deep elf master archers (Elf:3)
  8 quicksilver dragons
  30 searing wretches
  9 titans
  13 acid blobs
  Asterion (Elf:2)
  11 sphinxes
  26 Executioners
  A death cob (Zot:5)
  29 ancient champions
  A tentacled starspawn (Snake:2)
  Kirke (Lair:3)
  10 tengu reavers
  3 revenants
  11 shadow dragons
  Aizul (Snake:1)
  The ghost of Dadun the Thaumaturge, an adept GnCj of Cheibriados (Snake:2)
  6 protean progenitors
  24 azure jellies
  12 demonspawn warmongers (Pan)
  14 storm dragons
  7 draconian knights
  6 nagarajas
  A fenstrider witch (Swamp:3)
  13 frost giants
  9 rockslimes
  2 draconian monks (Zot:1)
  52 balrugs
  6 draconian scorchers
  3 draconian shifters
  2 quicksilver elementals (Dis:2)
  23 iron dragons
  15 vault wardens
  5 deep elf sorcerers
  17 narguns
  3 curse skulls
  11 shard shrike simulacra
  Louise (Lair:3)
  19 fire giants
  13 ghost moths
  2 deep elf elementalists (Elf:3)
  16 demonspawn blood saints (Pan)
  5 spectral caustic shrikes
  4 spriggan defenders
  A broodmother (Zot:4)
  27 cacodemons (Pan)
  8 quicksilver oozes
  10 draconian annihilators
  5 draconian stormcallers
  4 orc warlords
  2 ghouls (Crypt:2)
  2 angels (Pan)
  8 demonspawn corrupters (Pan)
  A juggernaut skeleton (Pan)
  24 ironbound preservers
  28 reapers
  6 formless jellyfish
  5 caustic shrike skeletons (Pan)
  23 very ugly things
  16 stone giants
  14 vampire knights
  8 ironbound thunderhulks
  10 deep elf demonologists
  14 black draconians
  11 eleionomae
  8 green draconians
  14 demonspawn black suns (Pan)
  19 elemental wellsprings
  11 white draconians
  A minotaur (Gauntlet)
  12 purple draconians
  17 lorocyprocas (Pan)
  28 war gargoyles
  10 putrid mouths
  Nessos (D:14)
  7 spark wasps
  21 wendigos
  A starcursed mass (Abyss:1)
  4 bennus (Tomb:2)
  10 deep elf death magi
  8 deep elf annihilators
  10 green deaths
  10 dire elephants
  12 red draconians
  Snorg (Lair:3)
  7 yellow draconians
  14 ettins
  20 blizzard demons
  18 iron golems
  A spectral elf (Tar:1)
  A spectral quicksilver dragon (Tar:3)
  7 eidola
  11 mummy priests
  6 deep elf high priests
  2 crystal guardians (Vaults:2)
  A spectral golden dragon (Tar:7)
  14 jiangshi
  11 fire dragons
  8 great orbs of eyes
  A spectral spriggan (Tar:3)
  A merfolk javelineer (Depths:2)
  2 entropy weavers (Vaults:5)
  13 yaktaur captains
  9 salamander tyrants
  A peacekeeper (Vaults:2)
  11 juggernaut simulacra
  A spectral fenstrider witch (Tar:1)
  13 hydras
  14 ice dragons
  32 vault guards
  10 ironbound frosthearts
  8 hell beasts
  4 ogre magi
  5 boulder beetles
  9 caustic shrike simulacra
  14 centaur warriors
  2 jorogumos (Pan)
  3 catoblepae (Lair:5)
  5 rakshasas
  8 spriggan air magi
  15 anacondas
  7 alligators
  An anaconda (shapeshifter) (Vaults:5)
  16 dancing weapons
  A fenstrider witch skeleton (Crypt:1)
  A spectral stone giant (Tar:2)
  2 ghost crabs (Swamp:3)
  The ghost of Vadun the Cleaver, a novice MiBe of Trog (D:10)
  A merfolk aquamancer (Pan)
  7 death yaks (Lair:5)
  17 death scarabs
  13 two-headed ogres
  A death knight (D:14)
  9 vampire magi
  A satyr (shapeshifter) (Vaults:5)
  3 deep troll earth magi
  11 deep troll shamans
  A sphinx skeleton (Depths:1)
  4 stokers
  10 tengu warriors
  3 orc high priests (Orc:2)
  2 thrashing horrors (Snake:2)
  2 occultists
  27 demonic crawlers
  54 soul eaters
  37 hell hogs
  14 naga sharpshooters
  19 spriggan berserkers
  Sonja (Lair:5)
  A skyshark (Lair:2)
  9 hell knights
  9 shock serpents
  23 naga warriors
  79 sun demons
  12 crystal echidnas
  4 hellephant skeletons (Pan)
  16 deep elf knights
  16 iron trolls
  20 shadow wraiths
  A wretched star (Abyss:2)
  8 quicksilver dragon simulacra
  34 sixfirhies (Pan)
  A fire crab (Lair:4)
  A titan skeleton (Depths:1)
  8 salamander mystics
  6 spriggan druids
  21 shadow demons
  11 flayed ghosts
  7 mana vipers
  4 spriggan simulacra
  30 skeletal warriors
  4 arcanists
  10 naga ritualists
  5 goliath frogs
  6 glowing orange brains
  65 deep trolls
  A spatial maelstrom (Abyss:4)
  14 deep elf archers
  A death drake (Gauntlet)
  7 sun moths (Pan)
  2 kraken simulacra (Coc:7)
  18 orc knights
  4 bog bodies
  5 harpies
  28 deep elf zephyrmancers
  20 lindwurms
  22 phantasmal warriors
  An orange crystal statue (Depths:2)
  12 swamp dragons
  A wolf spider zombie (Gauntlet)
  28 deep elf pyromancers
  22 ironbound convokers
  A spectral fire dragon (Tar:1)
  2 alligator zombies (Hell)
  5 necromancers
  2 thermic dynamos (Elf:1)
  A shining eye (shapeshifter) (Depths:2)
  22 salamanders
  A moth of wrath (shapeshifter) (Elf:3)
  9 orc sorcerers
  3 shining eyes
  A spectral alligator snapping turtle (Tar:2)
  7 manticores
  A meliai (shapeshifter) (D:14)
  38 ugly things
  6 will-o-the-wisps
  Maurice (D:11)
  3 ice statues
  4 worldbinders
  An eleionoma skeleton (Crypt:2)
  A shock serpent zombie (Crypt:3)
  4 cyclopes
  22 moths of wrath
  A kobold blastminer (Orc:2)
  2 centaur zombies
  An elephant (shapeshifter) (Vaults:5)
  12 vault sentinels
  40 black mambas
  A fire giant skeleton (Depths:1)
  10 elephants
  11 titan simulacra
  6 guardian serpents
  11 rust devils
  A storm dragon simulacrum (Coc:1)
  11 naga magi
  9 cane toads
  71 smoke demons
  3 molten gargoyles (Hell)
  7 eyes of devastation
  2 torpor snails
  A dire elephant skeleton (Crypt:1)
  34 orange demons (Pan)
  A cane toad (shapeshifter) (Elf:2)
  3 gargoyles
  41 large abominations
  2 minotaur zombies (Gauntlet)
  30 hellions
  3 unseen horrors
  5 rime drakes
  A sea snake zombie (Hell)
  8 anaconda simulacra
  2 kobold demonologists (D:11)
  An unseen horror zombie (Crypt:2)
  9 freezing wraiths
  19 guardian mummies
  A white draconian skeleton (Crypt:3)
  An ancient zyme (Abyss:1)
  12 efreet
  32 yaktaurs
  3 bunyip simulacra
  30 tormentors
  The ghost of Dynojp the Ruffian, an amateur TrFi (D:4)
  A spectral naga (Tar:2)
  3 ice devils
  8 tengu conjurers
  A hydra zombie (Hell)
  5 komodo dragons
  A golden dragon simulacrum (Coc:2)
  A sea snake skeleton (Hell)
  A polar bear (shapeshifter) (Elf:1)
  A black draconian skeleton (Crypt:1)
  6 red devils
  2 spectral harpies
  3 trolls
  8 iron giant simulacra
  7 bloated husks
  8 polar bears
  2 harpy zombies
  19 hellwings (Pan)
  A wind drake (shapeshifter) (Vaults:5)
  15 blink frogs
  6 tyrant leeches
  2 spriggan zombies
  A raiju (Swamp:3)
  15 hornets
  Prince Ribbit (D:9)
  A dream sheep (shapeshifter) (Vaults:5)
  3 iron dragon simulacra
  8 glass eyes
  2 stone giant simulacra
  An ettin zombie (Crypt:3)
  124 slime creatures
  A guardian serpent skeleton (Crypt:3)
  A jumping spider (Pan)
  15 water elementals
  A culicivora (shapeshifter) (Vaults:5)
  18 spriggans
  Sigmund (D:3)
  22 shadows
  4 wyverns
  58 ynoxinuls
  2 air elementals
  A vampire (D:9)
  An ettin skeleton (Tomb:3)
  4 dire elephant simulacra
  8 ushabtiu
  61 yaks
  4 basilisks
  2 fire elementals
  An alligator snapping turtle simulacrum (Coc:2)
  A sea snake simulacrum (Hell)
  8 humans
  9 fire bats
  A steam dragon (D:8)
  3 wraiths
  A redback (Vaults:5)
  13 golden eyes
  5 hogs
  Menkaure (D:6)
  3 wargs (Orc:2)
  A redback (shapeshifter) (Elf:1)
  22 neqoxecs (Pan)
  A two-headed ogre zombie (D:10)
  11 vampire mosquitoes
  56 nagas
  A spectral cane toad (Gauntlet)
  25 chaos spawn
  16 harpy simulacra
  17 water moccasins
  A faun zombie (Crypt:3)
  3 hydra simulacra
  26 swamp worms
  39 orc warriors
  A demonspawn skeleton (Crypt:2)
  9 swamp drakes
  4 ice beasts
  A merfolk skeleton (Crypt:2)
  2 sky beasts
  A black bear (D:8)
  A human skeleton (Depths:1)
  6 ettin simulacra
  15 laughing skulls
  8 boggarts
  5 ogres
  A small abomination (Abyss:2)
  21 wolves
  21 centaurs
  A lindwurm skeleton (Crypt:2)
  4 kobold brigands
  14 bullfrogs
  3 scorpions
  3 earth elementals
  5 gnoll sergeants
  7 naga simulacra
  3 water moccasin zombies
  19 wights
  2 wyvern zombies
  5 killer bees (D:10)
  A polar bear zombie (Crypt:1)
  3 troll zombies (D:10)
  7 howler monkeys
  2 hounds
  2 bombardier beetles
  A bullfrog skeleton (D:4)
  25 orc priests
  3 gnoll boudas
  An iron imp (Abyss:1)
  2 jellies
  A sleepcap (D:7)
  3 iguanas
  21 orc wizards
  4 ogre zombies (D:10)
  A naga zombie (Crypt:1)
  An ogre skeleton (Crypt:3)
  A crocodile skeleton (Crypt:3)
  10 mummies
  A howler monkey zombie (D:4)
  30 gnolls
  11 adders
  3 shadow imps (Tar:7)
  A ribbon worm (D:4)
  4 dart slugs
  105 orcs
  8 bats
  8 endoplasms
  A giant cockroach (D:4)
  10 hobgoblins
  11 jackals
  27 kobolds
  3 quokkas
  8 ball pythons
  3 frilled lizards
  A frilled lizard skeleton (Crypt:2)
  2 gnoll skeletons (D:10)
  4 gnoll zombies (D:10)
  9 goblins
  An orc skeleton (D:10)
  19 orc zombies
  A quokka zombie (Crypt:1)
  3 rats
  6 aspiring fleshes
  5 creeping infernos
  2 tentacles (Coc:7)
4192 creatures vanquished.

Vanquished Creatures (collateral kills)
  A caustic shrike (Dis:7)
  A bone dragon (Tar:7)
  A war gargoyle (Dis:7)
  A lindwurm (Zot:4)
4 creatures vanquished.

Vanquished Creatures (others)
  2 caustic shrikes (Dis:4)
  An eldritch tentacle (Pan)
  A quicksilver elemental (Dis:4)
  A balrug (Pan)
  A reaper (Pan)
  A wendigo (Coc:5)
  A fire dragon (Abyss:4)
  A dancing weapon (Elf:3)
  A sun demon (Pan)
  A quicksilver dragon simulacrum (Coc:2)
  A will-o-the-wisp (Swamp:4)
  2 bloated husks
  A fire bat (Pan)
  2 swamp drakes (Swamp:4)
  A centaur (D:8)
  3 creeping infernos
  31 foxfires
  23 fulminant prisms
  A starspawn tentacle (Snake:2)
  2 tentacles (Coc:7)
78 creatures vanquished.

Grand Total: 4274 creatures vanquished

Notes
Turn   | Place    | Note
-------+----------+-------------------------------------------
     0 | D:1      | gimp the Mummy Earth Elementalist began the quest for the
                  | Orb.
     0 | D:1      | Reached XP level 1. HP: 13/13 MP: 4/4
   170 | D:1      | Reached skill level 1 in Conjurations
   191 | D:1      | Reached skill level 3 in Spellcasting
   265 | D:1      | Reached XP level 2. HP: 19/19 MP: 4/6
  1177 | D:2      | Reached XP level 3. HP: 19/24 MP: 3/7
  1307 | D:2      | Learned a level 3 spell: Stone Arrow
  2103 | D:3      | Found a faded altar of an unknown god.
  2164 | D:3      | Noticed an ice beast
  2165 | D:3      | Reached XP level 4. HP: 30/30 MP: 6/9
  2235 | D:3      | Killed an ice beast
  2236 | D:3      | Reached skill level 4 in Spellcasting
  2236 | D:3      | Reached XP level 5. HP: 15/35 MP: 6/11
  2820 | D:3      | Noticed Sigmund
  2825 | D:3      | Killed Sigmund
  2826 | D:3      | Reached skill level 5 in Spellcasting
  2826 | D:3      | Reached XP level 6. HP: 21/41 MP: 10/14
  3319 | D:4      | Found a sparkling altar of Nemelex Xobeh.
  3446 | D:4      | Identified the +4 helmet of the Eternal Void {Will+ Regen+}
  3613 | D:4      | Found a staircase to the Ecumenical Temple.
  3620 | D:4      | Reached XP level 7. HP: 36/46 MP: 10/15
  3641 | Temple   | Entered the Ecumenical Temple
  3670 | D:4      | Found a runed translucent gate.
  3670 | D:4      | Found a runed translucent gate.
  3670 | D:4      | Found a runed translucent gate.
  3792 | D:4      | Learned a level 3 spell: Passwall
  3909 | D:4      | Noticed Dynojp's ghost (amateur TrFi)
  3963 | D:5      | Entered Level 5 of the Dungeon
  4065 | D:5      | Reached skill level 6 in Spellcasting
  4430 | D:5      | Found a sacrificial altar of Ru.
  4879 | D:5      | Reached skill level 5 in Earth Magic
  4933 | D:6      | Noticed a shadow
  4968 | D:6      | Reached skill level 7 in Spellcasting
  5065 | D:6      | Noticed Menkaure
  5069 | D:6      | Killed Menkaure
  5070 | D:6      | Reached XP level 8. HP: 52/52 MP: 8/18
  5422 | D:6      | Reached skill level 5 in Conjurations
  5424 | D:6      | Reached skill level 8 in Spellcasting
  6073 | D:6      | Found an opulent altar of Gozag.
  6075 | D:6      | Found a shimmering altar of Xom.
  6086 | D:6      | Found a radiant altar of Vehumet.
  6158 | D:6      | Became a worshipper of Vehumet
  6198 | D:6      | Reached skill level 1 in Fighting
  6222 | D:6      | Reached XP level 9. HP: 59/59 MP: 4/21
  6677 | D:7      | Found Zicloero's Book Shop.
  6786 | D:7      | Reached skill level 9 in Spellcasting
  7370 | D:7      | Reached * piety under Vehumet
  7370 | D:7      | Offered knowledge of Foxfire by Vehumet.
  7652 | D:7      | Found a basalt altar of Yredelemnul.
  7837 | D:7      | Reached skill level 10 in Spellcasting
  8054 | D:8      | Identified the +0 robe of Muttered Phrases {Will+}
  8140 | D:8      | You fall into a shaft and drop 2 floors!
  8140 | D:10     | Entered Level 10 of the Dungeon
  8351 | D:10     | Identified the +7 dagger "Foeleth" {heavy, rF+ rN+}
  8452 | D:10     | Found a staircase to the Lair.
  8559 | D:10     | Reached ** piety under Vehumet
  8559 | D:10     | Offered knowledge of Mercury Vapours by Vehumet.
  8987 | D:10     | Reached skill level 11 in Spellcasting
  9016 | D:10     | Reached XP level 10. HP: 70/70 MP: 18/25
  9334 | D:10     | Offered knowledge of Momentum Strike by Vehumet.
  9431 | D:9      | Found Ydastruef's Antique Weapon Shop.
  9444 | D:9      | Found an ancient bone altar of Kikubaaqudgha.
  9625 | D:8      | Found a shadowy altar of Dithmenos.
  9728 | D:8      | Noticed a two-headed ogre
  9736 | D:8      | Killed a two-headed ogre
  9805 | D:8      | Reached *** piety under Vehumet
 10239 | D:8      | Reached skill level 12 in Spellcasting
 10724 | D:9      | Noticed a green ugly thing
 10729 | D:9      | Killed a green ugly thing
 11003 | D:9      | Found Hateisux's Jewellery Boutique.
 11063 | D:9      | Offered knowledge of Airstrike by Vehumet.
 11084 | D:9      | Noticed Prince Ribbit
 11094 | D:9      | Killed Prince Ribbit
 11409 | D:9      | Found Kilyud's Assorted Antiques.
 11440 | D:9      | Found a shimmering blue altar of Sif Muna.
 11556 | D:10     | Found a hazy altar of Hepliaklqana.
 11596 | D:10     | Found a staircase to the Orcish Mines.
 11603 | D:10     | Reached **** piety under Vehumet
 11617 | D:10     | Reached skill level 13 in Spellcasting
 11766 | D:10     | Offered knowledge of Sticky Flame by Vehumet.
 11772 | D:10     | Learned a level 4 spell: Sticky Flame
 12071 | D:10     | Noticed a two-headed ogre
 12071 | D:10     | Noticed a two-headed ogre
 12071 | D:10     | Noticed a two-headed ogre
 12072 | D:10     | Noticed Vadun's ghost (novice MiBe)
 12073 | D:10     | Found a transporter.
 12074 | D:10     | Identified the +7 giant club of Mam Boneb {speed, Str-3
                  | Dex+8}
 12074 | D:10     | Identified the +4 great mace of Midnight {speed, *Slow
                  | rElec rN+ Int+3}
 12074 | D:10     | Noticed a two-headed ogre
 12078 | D:10     | Found a transporter.
 12101 | D:11     | Noticed an orc knight
 12199 | D:11     | Reached skill level 1 in Fire Magic
 12199 | D:11     | Reached skill level 1 in Alchemy
 12199 | D:11     | Reached XP level 11. HP: 70/75 MP: 18/28
 12315 | D:11     | Noticed Maurice
 12319 | D:11     | Maurice stole a +2 dagger of venom
 12320 | D:11     | Killed Maurice
 12423 | D:11     | Found a basalt altar of Yredelemnul.
 12631 | D:10     | Learned a level 4 spell: Petrify
 12720 | D:11     | Reached ***** piety under Vehumet
 12721 | D:11     | Offered knowledge of Irradiate by Vehumet.
 12733 | D:11     | Learned a level 5 spell: Irradiate
 12857 | D:9      | Bought the amulet "Fiach" {rN+ Regen+ RegenMP+ Str-4 Dex+5}
                  | for 476 gold pieces
 12931 | Lair:1   | Entered Level 1 of the Lair of Beasts
 13038 | Lair:1   | Reached skill level 5 in Dodging
 13180 | Lair:1   | Identified the ring of Qydyneaf {Fire rPois Dex+3 Stlth+}
 13331 | Lair:1   | Reached skill level 14 in Spellcasting
 13766 | Lair:2   | Reached XP level 12. HP: 81/81 MP: 28/30
 13895 | Lair:2   | Offered knowledge of Ozocubu's Refrigeration by Vehumet.
 14266 | Lair:2   | Reached skill level 5 in Alchemy
 14269 | Lair:2   | Reached skill level 5 in Fire Magic
 14720 | Lair:3   | Found a staircase to the Snake Pit.
 14732 | Lair:3   | Reached skill level 15 in Spellcasting
 14831 | Lair:3   | Learned a level 1 spell: Apportation
 15244 | Lair:3   | Found a staircase to the Swamp.
 15244 | Lair:3   | Noticed an eleionoma
 15394 | Lair:3   | Killed an eleionoma
 15586 | Lair:3   | Noticed Snorg
 15594 | Lair:3   | Killed Snorg
 15595 | Lair:3   | Gained mutation: You are strongly in touch with the powers
                  | of death. [Mummy growth]
 15595 | Lair:3   | Reached XP level 13. HP: 83/86 MP: 20/32
 15644 | Lair:3   | Identified a scroll of acquirement
 15645 | Lair:3   | Acquired the ring of Daseitid {rF+ rC- Will+ rCorr Str+6
                  | SInv}
 16528 | Lair:4   | You fall into a shaft and drop 1 floor!
 16528 | Lair:5   | Entered Level 5 of the Lair of Beasts
 16533 | Lair:5   | Reached skill level 16 in Spellcasting
 16540 | Lair:5   | Learned a level 4 spell: Fulminant Prism
 17284 | Lair:5   | Found a viscous altar of Jiyva.
 17285 | Lair:5   | Found a staircase to the Slime Pits.
 17364 | Lair:5   | Noticed Sonja
 17371 | Lair:5   | Killed Sonja
 17576 | Lair:5   | Offered knowledge of Plasma Beam by Vehumet.
 17588 | Lair:5   | Learned a level 6 spell: Plasma Beam
 17956 | Lair:5   | Reached XP level 14. HP: 87/93 MP: 17/34
 18117 | Lair:5   | Reached skill level 17 in Spellcasting
 18455 | Orc:1    | Entered Level 1 of the Orcish Mines
 18634 | Orc:1    | Found a dark tunnel.
 18882 | Volcano  | Entered a volcano
 19161 | Orc:1    | Offered knowledge of Arcjolt by Vehumet.
 19264 | Orc:1    | Reached skill level 1 in Air Magic
 19339 | Orc:1    | Reached skill level 1 in Shields
 19366 | Orc:1    | Found a roughly hewn altar of Beogh.
 19439 | Orc:2    | Entered Level 2 of the Orcish Mines
 19439 | Orc:2    | Found a staircase to the Elven Halls.
 19487 | Orc:2    | Noticed an orc warlord
 19638 | Orc:2    | Noticed an orc warlord
 19733 | Orc:1    | Learned a level 5 spell: Arcjolt
 19890 | Orc:2    | Killed an orc warlord
 20124 | Orc:2    | Killed an orc warlord
 20125 | Orc:2    | Reached skill level 18 in Spellcasting
 20148 | Orc:2    | Reached ****** piety under Vehumet
 20290 | Orc:2    | Offered knowledge of Fireball by Vehumet.
 20397 | Orc:2    | Learned a level 5 spell: Fireball
 20789 | Orc:2    | Found Xompec's General Store.
 20790 | Orc:2    | Found Neegiehe's Book Shop.
 20792 | Orc:2    | Found Xerr's Antique Armour Shop.
 20792 | Orc:2    | Found Jeoj's Antique Weapon Boutique.
 20810 | Orc:2    | Bought a scroll of identify for 28 gold pieces
 20810 | Orc:2    | Bought a scroll of fog for 56 gold pieces
 21039 | D:9      | Bought a pair of embroidered boots for 202 gold pieces
 21039 | D:9      | Bought a scroll of teleportation for 81 gold pieces
 21039 | D:9      | Bought a scroll of identify for 54 gold pieces
 21039 | D:9      | Bought a scroll of identify for 54 gold pieces
 21309 | D:11     | Offered knowledge of Spellforged Servitor by Vehumet.
 21586 | D:11     | Identified the +1 robe of Jixadiz {rN+ Will- Int+3
                  | Archmagi}
 21693 | D:11     | Reached XP level 15. HP: 98/98 MP: 33/37
 21803 | D:12     | Found a gate leading to a gauntlet.
 21814 | Gauntlet | Entered a Gauntlet
 21814 | Gauntlet | Found a transporter.
 21814 | Gauntlet | Found a transporter.
 21818 | Gauntlet | Found a transporter.
 21831 | Gauntlet | Found a transporter.
 21845 | Gauntlet | Found a transporter.
 21855 | Gauntlet | Found a transporter.
 21855 | Gauntlet | Found a transporter.
 21858 | Gauntlet | Found a transporter.
 21893 | Gauntlet | Found a transporter.
 21937 | Gauntlet | Found a transporter.
 21961 | Gauntlet | Found a transporter.
 21976 | Gauntlet | Found a transporter.
 21978 | Gauntlet | Found a large runed translucent door.
 21978 | Gauntlet | Found a large runed translucent door.
 21979 | Gauntlet | Found a large runed translucent door.
 21979 | Gauntlet | Found a large runed translucent door.
 21980 | Gauntlet | Found a large runed translucent door.
 21980 | Gauntlet | Found a large runed translucent door.
 21980 | Gauntlet | Found a runed translucent door.
 21980 | Gauntlet | Found a runed translucent door.
 21980 | Gauntlet | Found a large runed translucent door.
 21980 | Gauntlet | Found a large runed translucent door.
 21981 | Gauntlet | Found a large runed translucent door.
 21981 | Gauntlet | Found a large runed translucent door.
 21985 | Gauntlet | Found a large runed translucent door.
 21985 | Gauntlet | Found a large runed translucent door.
 21986 | Gauntlet | Found a large runed translucent door.
 21986 | Gauntlet | Found a large runed translucent door.
 21986 | Gauntlet | Found a large runed translucent door.
 21986 | Gauntlet | Found a large runed translucent door.
 21989 | Gauntlet | Found a runed translucent gate.
 21989 | Gauntlet | Found a runed translucent gate.
 21989 | Gauntlet | Found a runed translucent gate.
 21991 | Gauntlet | Found a transporter.
 22004 | Gauntlet | Found a transporter.
 22102 | Gauntlet | Found a transporter.
 22123 | Gauntlet | Found a transporter.
 22320 | Gauntlet | Identified the +1 cloak of Space {rElec Int+3}
 22407 | Gauntlet | Identified the +3 pair of boots of Incorporation {rF+ rC+}
 22455 | Gauntlet | Got the Excursus on Blasts
 22827 | D:12     | Found a runed translucent door.
 22853 | D:12     | Found a runed translucent door.
 22897 | D:12     | Found a runed translucent door.
 23044 | D:12     | Found a runed translucent door.
 23154 | D:12     | Reached skill level 10 in Fire Magic
 23253 | D:12     | Identified the +0 ring mail "Kefuwn" {Str-5 Dex+3}
 23617 | D:13     | Found the sphere of Battle
 24659 | D:14     | Reached skill level 5 in Shields
 24663 | D:14     | Offered knowledge of Lehudib's Crystal Spear by Vehumet.
 24664 | D:14     | Reached skill level 5 in Air Magic
 24742 | D:14     | Found a gate to the Vaults.
 24753 | D:14     | Identified the +1 plate armour of the Wary Stars {+Inv rF-
                  | MP-9 Str+4}
 24852 | D:14     | Reached skill level 19 in Spellcasting
 25824 | D:14     | Noticed Nessos
 25828 | D:14     | Killed Nessos
 25879 | D:15     | Entered Level 15 of the Dungeon
 26049 | D:15     | Reached XP level 16. HP: 101/104 MP: 6/39
 26529 | D:15     | Found a staircase to the Depths.
 26818 | Swamp:1  | Entered Level 1 of the Swamp
 26840 | Swamp:1  | Noticed Kirke
 26901 | Lair:3   | Killed Kirke
 27499 | Swamp:2  | Offered knowledge of Polar Vortex by Vehumet.
 27499 | Swamp:2  | Offered knowledge of Ignition by Vehumet.
 27499 | Swamp:2  | Offered knowledge of Maxwell's Capacitive Coupling by
                  | Vehumet.
 27513 | Swamp:1  | Learned a level 8 spell: Ignition
 27875 | Swamp:2  | Reached skill level 20 in Spellcasting
 28981 | Swamp:3  | Found a burning altar of Makhleb.
 29269 | Swamp:4  | Entered Level 4 of the Swamp
 29397 | Swamp:3  | Reached XP level 17. HP: 85/109 MP: 13/41
 30163 | Swamp:4  | Got a decaying rune of Zot
 30411 | Snake:1  | Entered Level 1 of the Snake Pit
 30439 | Snake:1  | Noticed Louise
 30442 | Snake:1  | Noticed Mlioglotl
 30506 | Snake:1  | Killed Mlioglotl
 30517 | Lair:3   | Killed Louise
 30594 | Snake:1  | Identified the serpent talisman of the Sun {rN+++ Int-3
                  | Slay+2}
 30594 | Snake:1  | Noticed Aizul
 30600 | Snake:1  | Killed Aizul
 30646 | Lair:3   | Reached skill level 21 in Spellcasting
 30775 | Snake:1  | Identified the +4 scale mail of Miatucum {rC+ Regen+}
 31919 | Snake:2  | Found Sacoevu's Weapon Emporium.
 32350 | Snake:2  | Found a transporter.
 32425 | Snake:2  | Noticed Dadun's ghost (adept GnCj)
 32426 | Snake:2  | Found a transporter.
 32640 | Snake:2  | Identified the staff of Ettysah {rElec rPois rC- Int+7
                  | Alchemy}
 33071 | Snake:3  | Found a flickering gateway to a bazaar.
 33169 | Bazaar   | Entered a bazaar
 33172 | Bazaar   | Found Zeb Pos's Book Shop.
 33199 | Bazaar   | Found Larchid's Assorted Antiques.
 33229 | Bazaar   | Found Ralujemm's Armour Shop.
 33229 | Bazaar   | Found Jaent's Jewellery Boutique.
 33260 | Bazaar   | Bought a scroll of teleportation for 69 gold pieces
 33260 | Bazaar   | Bought a scroll of fog for 92 gold pieces
 33260 | Bazaar   | Bought a scroll of amnesia for 92 gold pieces
 33272 | Bazaar   | Bought a book of the Earth for 324 gold pieces
 33272 | Bazaar   | Bought Great Wizards, Vol. II for 342 gold pieces
 33381 | Snake:3  | Reached XP level 18. HP: 115/115 MP: 28/43
 34046 | Snake:4  | Entered Level 4 of the Snake Pit
 34307 | Snake:4  | Reached skill level 10 in Shields
 34433 | Snake:4  | Reached skill level 10 in Air Magic
 35013 | Snake:4  | Noticed Vashnia
 35020 | Snake:4  | Killed Vashnia
 35021 | Snake:4  | Reached skill level 22 in Spellcasting
 35628 | Snake:4  | Found an iron altar of Okawaru.
 35644 | Snake:4  | Got a serpentine rune of Zot
 35900 | Vaults:1 | Entered Level 1 of the Vaults
 36160 | Vaults:1 | Found Rucil's Antique Armour Shoppe.
 36478 | Vaults:1 | Reached XP level 19. HP: 121/121 MP: 31/45
 37666 | Vaults:2 | You fall into a shaft and drop 2 floors!
 37732 | Vaults:4 | Found a portal to a secret trove of treasure.
 37810 | Vaults:4 | Found a flickering gateway to a bazaar.
 37822 | Bazaar   | Entered a bazaar
 37830 | Bazaar   | Found Penirida's Jewellery Boutique.
 37852 | Bazaar   | Found Kirch's Antique Armour Emporium.
 37873 | Bazaar   | Found Uduketa's Book Boutique.
 37893 | Bazaar   | Found Ucea's Antique Weapon Shoppe.
 37935 | Bazaar   | Bought a manual of Dodging for 1040 gold pieces
 37950 | Bazaar   | Bought a dazzling leather armour for 168 gold pieces
 37950 | Bazaar   | Identified the +0 leather armour of Amelioration {-Tele
                  | rPois rC- Int+5} (You bought it in a shop in a bazaar)
 37951 | Bazaar   | Bought a glowing leather armour for 120 gold pieces
 38086 | Vaults:4 | Noticed Bai Suzhen
 38096 | Vaults:4 | Killed Bai Suzhen
 38169 | Vaults:4 | Noticed Margery
 38294 | Vaults:3 | Reached skill level 23 in Spellcasting
 38877 | Vaults:2 | Found Qeonkaw's General Store.
 38929 | Vaults:2 | Bought the +5 ring mail "Zojocau" {rF+ rN+ Regen+ rCorr}
                  | for 844 gold pieces
 39135 | Vaults:2 | Reached skill level 1 in Armour
 39141 | Vaults:2 | Reached XP level 20. HP: 120/127 MP: 27/47
 39514 | Vaults:2 | Reached skill level 15 in Fire Magic
 39909 | Vaults:2 | Found Umiwk's Antique Armour Boutique.
 40595 | Vaults:3 | Found a staircase to the Crypt.
 41273 | Vaults:4 | Killed Margery
 41605 | Vaults:4 | Reached skill level 24 in Spellcasting
 42197 | Elf:1    | Entered Level 1 of the Elven Halls
 42310 | Elf:1    | Reached skill level 5 in Armour
 42477 | Elf:1    | Got the Vellum of Arrival
 42655 | Elf:1    | Found Kaxe Cuff's Antique Weapon Boutique.
 43130 | Elf:1    | Identified the +4 mace of Makhleb's Delight {vamp, Str+5}
 43146 | Elf:1    | Reached XP level 21. HP: 132/132 MP: 34/49
 43638 | Elf:2    | Found a runed translucent gate.
 43638 | Elf:2    | Found a runed translucent gate.
 43638 | Elf:2    | Found a runed translucent gate.
 43870 | Elf:2    | Found Suoferph's Book Shoppe.
 44088 | Elf:3    | Entered Level 3 of the Elven Halls
 44093 | Elf:3    | Found Biuheore's Assorted Antiques.
 44109 | Elf:3    | Noticed Asterion
 44115 | Elf:2    | Killed Asterion
 44181 | Elf:3    | Bought a scroll of revelation for 307 gold pieces
 44196 | Elf:3    | Found Licadghe's Antique Weapon Emporium.
 44264 | Elf:3    | Found Difiw's Antique Weapon Boutique.
 44281 | Elf:3    | Found Fiton's Jewellery Shoppe.
 44349 | Elf:3    | Found Ruywej's Antique Weapon Boutique.
 44594 | Elf:3    | Noticed Zenata
 44597 | Elf:3    | Killed Zenata
 44707 | Elf:3    | Identified the staff of Ximotzos {rPois rN+ Dex+4 Alchemy}
 44757 | Elf:3    | Identified the +2 robe of the Other Side {Regen+ Dex+5}
 44765 | Elf:3    | Reached skill level 25 in Spellcasting
 44765 | Elf:3    | Identified the +1 troll leather armour "Raphiofe" {+Blink
                  | Will+ Regen+ Str-3 Int+5}
 44840 | Elf:3    | Found the +3 pair of seven-league boots {Rampage+∞}
 44843 | Elf:3    | Identified the +4 shortbow of Ahaemniv {freeze, ^Fragile
                  | Int+5}
 44845 | Elf:3    | Got the Secrets of Fate and the Mob
 44878 | Elf:3    | Identified the +3 leather armour of Mutualism {rN+}
 45269 | Vaults:2 | Bought a pair of ichor-stained gloves for 342 gold pieces
 45269 | Vaults:2 | Identified the +2 pair of gloves of Darkness {rC+ Str+4}
                  | (You bought it in a shop on level 2 of the Vaults)
 45596 | Slime:1  | Entered Level 1 of the Pits of Slime
 45768 | Slime:4  | Reached skill level 10 in Dodging
 45781 | Slime:4  | Learned a level 8 spell: Maxwell's Capacitive Coupling
 45782 | Slime:5  | Entered Level 5 of the Pits of Slime
 46000 | Slime:5  | Reached XP level 22. HP: 137/138 MP: 51/51
 46072 | Slime:5  | Noticed the Royal Jelly
 46100 | Slime:5  | Killed the Royal Jelly
 46126 | Slime:5  | Got a slimy rune of Zot
 46127 | Slime:5  | Identified the +0 scale mail of Eternal Night {-Cast rF-
                  | rC+ Str+10}
 46128 | Slime:5  | Got a starry gem with 69 turns to spare
 46145 | Slime:5  | Identified the amulet "Vurol" {Reflect Str-3 Dex+6 SH+5}
 46243 | Slime:5  | Identified the +0 scale mail of Soliluene {rPois Str+4
                  | Stlth+}
 46460 | D:10     | Learned a level 6 spell: Bombard
 46463 | D:10     | Learned a level 2 spell: Blink
 46501 | D:10     | Killed Vadun's ghost
 46683 | D:4      | Killed Dynojp's ghost
 46953 | Snake:2  | Killed Dadun's ghost
 46955 | Snake:2  | Found a one-way gate to the infinite horrors of the Abyss.
 47050 | Snake:2  | Identified the ring "Usush" {*Slow Fly rN+ Int+4 Dex+6}
 47310 | Depths:1 | Entered Level 1 of the Depths
 48040 | Depths:1 | Found a one-way gateway to a ziggurat.
 48065 | Depths:1 | Found a bloodstained altar of Trog.
 48154 | Depths:1 | Found a gateway to Hell.
 48182 | Depths:1 | Identified the +0 scale mail "Udioxzy" {Dex+3}
 48249 | Depths:1 | Noticed the Enchantress
 48254 | Depths:1 | Reached skill level 26 in Spellcasting
 48255 | Depths:1 | Killed the Enchantress
 48305 | Depths:1 | Found a one-way gate leading to the halls of Pandemonium.
 49600 | Depths:2 | Identified the staff "Cititinu" {rF+ Int+4 Hexes Fire
                  | Alchemy}
 49813 | Depths:2 | Found a runed translucent door.
 49815 | Depths:2 | Found a runed translucent door.
 49815 | Depths:2 | Found a runed translucent door.
 49828 | Depths:2 | Reached XP level 23. HP: 143/143 MP: 20/53
 51241 | Depths:3 | Reached skill level 27 in Spellcasting
 52321 | Depths:4 | Entered Level 4 of the Depths
 52408 | Depths:4 | Found a hide-covered altar of Uskayaw.
 52643 | Depths:4 | Found a gate to the Realm of Zot.
 53020 | Depths:4 | Reached skill level 15 in Air Magic
 53383 | Depths:4 | Identified the +0 leather armour of the Hidden Vale {rPois
                  | rN+ Regen+ Str+2}
 53385 | Depths:4 | Found Jopsyap's Book Shoppe.
 53386 | Depths:4 | Found Ebauba Orphe's Jewellery Boutique.
 53386 | Depths:4 | Found Ustecsept's Jewellery Boutique.
 53954 | Vaults:4 | You paid a toll of +6 fire dragon scales to enter a
                  | treasure trove
 53955 | Trove    | Entered a treasure trove
 54036 | Vaults:5 | Entered Level 5 of the Vaults
 54037 | Vaults:5 | Noticed a dread lich
 54044 | Vaults:5 | Killed a dread lich
 54045 | Vaults:5 | Reached XP level 24. HP: 144/150 MP: 32/54
 54049 | Vaults:5 | Reached skill level 5 in Evocations
 54058 | Vaults:5 | Noticed a dread lich
 54070 | Vaults:4 | Killed a dread lich
 54190 | Vaults:5 | Reached skill level 1 in Staves
 54287 | Vaults:5 | Reached skill level 15 in Shields
 54324 | Vaults:5 | Noticed an ancient lich
 54328 | Vaults:5 | Killed an ancient lich
 54333 | Vaults:5 | Found Beij's Distillery.
 54333 | Vaults:5 | Found Otebudah's Magic Scroll Shoppe.
 54370 | Vaults:5 | Identified the amulet of Riduqur {Acrobat Rampage Will++}
 54511 | Vaults:5 | Bought a scroll of teleportation for 51 gold pieces
 54511 | Vaults:5 | Bought a scroll of teleportation for 51 gold pieces
 54511 | Vaults:5 | Bought a scroll of teleportation for 51 gold pieces
 54519 | Vaults:5 | Got a silver rune of Zot
 54957 | Vaults:5 | Found the +10 Black Knight's barding {ponderous, rPois rN+}
 55139 | Vaults:5 | Identified the +12 sling of Xiutawet {flame, rCorr}
 55245 | Vaults:5 | Found Egibaefi's Distillery.
 55264 | Vaults:5 | Found Butyha Sieq's Distillery.
 55280 | Vaults:5 | Found Xace's Magic Scroll Emporium.
 55285 | Vaults:5 | Bought a scroll of revelation for 135 gold pieces
 55285 | Vaults:5 | Bought a scroll of blinking for 135 gold pieces
 55532 | Vaults:5 | Identified the +5 sling of Annoyance {flame, MP+9 Str+3
                  | Int+6 Dex-2}
 55660 | Vaults:5 | Got the Octavo of Assembling and Heat
 56077 | Zot:1    | Entered Level 1 of the Realm of Zot
 56118 | Zot:1    | Reached skill level 10 in Evocations
 56237 | Zot:1    | Reached skill level 5 in Staves
 56853 | Zot:1    | Reached XP level 25. HP: 155/155 MP: 54/54
 57950 | Zot:2    | You fall into a shaft and drop 2 floors!
 58210 | Zot:4    | Noticed an orb of fire
 58214 | Zot:4    | Killed an orb of fire
 58218 | Zot:4    | Noticed an orb of fire
 58223 | Zot:4    | Killed an orb of fire
 58675 | Zot:3    | Got the Codex of Hexes
 59288 | Zot:2    | Noticed an orb of fire
 59298 | Zot:2    | Killed an orb of fire
 59299 | Zot:2    | Reached skill level 5 in Fighting
 59333 | Zot:2    | Noticed an orb of fire
 59337 | Zot:2    | Killed an orb of fire
 60837 | Zot:5    | Entered Level 5 of the Realm of Zot
 60846 | Zot:5    | Noticed a Killer Klown
 60847 | Zot:5    | Noticed a dread lich
 60847 | Zot:5    | Noticed a dread lich
 60848 | Zot:5    | Noticed an orb of fire
 60848 | Zot:5    | Noticed a Killer Klown
 60855 | Zot:5    | Noticed an ancient lich
 60858 | Zot:5    | Noticed a dread lich
 61475 | D:7      | Bought the Disquisition on Vapourous Battle Magic for 672
                  | gold pieces
 61671 | Pan      | Entered Pandemonium
 61887 | Pan      | Noticed Lusoteom the pandemonium lord
 61892 | Pan      | Killed Lusoteom the pandemonium lord
 61973 | Pan      | Reached XP level 26. HP: 175/175 MP: 13/54
 62248 | Pan      | Reached skill level 10 in Staves
 62693 | Pan      | Identified the +1 flail of the Priest {pain, Int+3}
 63656 | Pan      | Found an exit through the horrors of the Abyss.
 64335 | Pan      | Noticed Tigyut the pandemonium lord
 64347 | Pan      | Killed Tigyut the pandemonium lord
 64819 | Pan      | Found a runed translucent door.
 64884 | Pan      | Got a demonic rune of Zot
 65441 | Pan      | Reached skill level 10 in Earth Magic
 65460 | Pan      | Noticed Nieluso the pandemonium lord
 65464 | Pan      | Killed Nieluso the pandemonium lord
 65912 | Pan      | Learned a level 8 spell: Lehudib's Crystal Spear
 66310 | Pan      | Noticed Ymesyec the pandemonium lord
 66320 | Pan      | Killed Ymesyec the pandemonium lord
 66346 | Pan      | Got the Book of Sparks and Left-Handed Deeds
 66362 | Pan      | Entered the realm of Lom Lobon.
 66404 | Pan      | Found an exit through the horrors of the Abyss.
 66669 | Pan      | Reached skill level 10 in Fighting
 67004 | Pan      | Noticed Lom Lobon
 67009 | Pan      | Killed Lom Lobon
 67035 | Pan      | Got a magical rune of Zot
 67483 | Pan      | Reached XP level 27. HP: 174/192 MP: 28/54
 67532 | Pan      | Noticed Ipra the pandemonium lord
 67560 | Pan      | Killed Ipra the pandemonium lord
 69136 | Pan      | Noticed Coh Jyi the pandemonium lord
 69251 | Pan      | Killed Coh Jyi the pandemonium lord
 69275 | Pan      | Reached skill level 10 in Conjurations
 69607 | Pan      | Found an exit through the horrors of the Abyss.
 70114 | Pan      | Identified the +3 scale mail of the Zebrataur {rC+ rCorr
                  | MP-9 Slay+4}
 70728 | Pan      | Entered the realm of Mnoleg.
 70923 | Pan      | Found an exit through the horrors of the Abyss.
 71163 | Pan      | Noticed Mnoleg
 71184 | Pan      | Killed Mnoleg
 71458 | Pan      | Identified the +7 scimitar of Responsibility {flame, rN+
                  | rCorr SInv}
 71509 | Pan      | Got a glowing rune of Zot
 71728 | Pan      | Noticed Veymner the pandemonium lord
 71733 | Pan      | Killed Veymner the pandemonium lord
 72704 | Pan      | Found a transporter.
 72903 | Pan      | Found a transporter.
 72905 | Pan      | Found an exit through the horrors of the Abyss.
 73597 | Pan      | Identified the ring of the Tempest {+Blink rPois rCorr}
 73615 | Pan      | Identified the ring of Ydwapsio {Wiz rN++ Str+2 Dex+3
                  | Stlth-}
 73624 | Pan      | Identified the ring "Amuarphour" {rElec Str+6 Int+2 Slay+3}
 73699 | Pan      | Reached skill level 15 in Earth Magic
 74053 | Pan      | Reached skill level 15 in Fighting
 74251 | Pan      | Noticed Yhimecuzuph the pandemonium lord
 74270 | Pan      | Killed Yhimecuzuph the pandemonium lord
 74449 | Pan      | Got the Collected Works on Weird Lamentation
 75001 | Pan      | Entered the realm of Cerebov.
 75537 | Pan      | Identified the +4 ring mail of Mezcal {Dex+6}
 75690 | Pan      | Identified the +1 robe "Ogoylod" {Int+5}
 75725 | Pan      | Identified the +0 robe of Impatience {rC+ MP+9 Str+2
                  | Slay+2}
 75874 | Pan      | Found the +6 sword of Cerebov {flame}
 75874 | Pan      | Noticed Cerebov
 75879 | Pan      | Killed Cerebov
 75916 | Pan      | Got the Catalogue of the Torch and Bones
 76015 | Pan      | Identified the staff of Zuareuj {+Blink rElec Air}
 76048 | Pan      | Got a fiery rune of Zot
 76101 | Pan      | Identified the ring of Gurumile {rPois rC+ Will+ Int+3
                  | Slay+3}
 76107 | Pan      | Got the Notes on Fulgurant Cohobation
 76117 | Pan      | Learned a level 5 spell: Yara's Violent Unravelling
 76119 | Pan      | Identified the +5 falchion of Hoochir {flame, rC++}
 76125 | Pan      | Identified the +11 shortbow of Ramiulyl {freeze, rC+ Will+
                  | Int+4}
 76219 | Pan      | Learned a level 9 spell: Chain Lightning
 76649 | Pan      | Entered the realm of Gloorx Vloq.
 76915 | Pan      | Learned a level 4 spell: Iskenderun's Mystic Blast
 77601 | Pan      | Reached skill level 15 in Conjurations
 78087 | Pan      | Noticed Gloorx Vloq
 78093 | Pan      | Killed Gloorx Vloq
 78212 | Pan      | Got a dark rune of Zot
 78507 | Pan      | Identified the +1 pair of boots "Boah Jan" {Regen+ Str+2
                  | Int+3}
 78512 | Pan      | Noticed Giromep the pandemonium lord
 78524 | Pan      | Killed Giromep the pandemonium lord
 78558 | Depths:1 | Escaped Pandemonium
 78602 | Depths:1 | Voluntarily entered the Abyss.
 78602 | Abyss:1  | Found a corrupted altar of Lugonu.
 78775 | Abyss:1  | Found a corrupted altar of Lugonu.
 78973 | Abyss:4  | Noticed an ancient lich
 78983 | Abyss:4  | Killed an ancient lich
 78989 | Abyss:4  | Got an abyssal rune of Zot
 78995 | Depths:1 | Escaped the Abyss
 79017 | Hell     | Entered the Vestibule of Hell
 79017 | Hell     | Noticed Geryon
 79103 | Hell     | Killed Geryon
 79383 | Hell     | Found a gateway to the ashen valley of Gehenna.
 79597 | Hell     | Found a gateway to the Iron City of Dis.
 79677 | Hell     | Found a gateway to the freezing wastes of Cocytus.
 79836 | Hell     | Found a gateway to the decaying netherworld of Tartarus.
 79943 | Coc:1    | Entered Level 1 of Cocytus
 79969 | Coc:1    | Paralysed by a wendigo for 1 turns
 80172 | Depths:4 | Bought the ring of Qugutaut {Will+ rCorr Dex+3 Slay+4
                  | Stlth+} for 1244 gold pieces
 80172 | Depths:4 | Bought a ring of flight for 210 gold pieces
 81031 | Coc:5    | Noticed an ancient lich
 81032 | Coc:5    | Paralysed by a wendigo for 1 turns
 81042 | Coc:5    | Killed an ancient lich
 81117 | Coc:5    | You are sucked into a shaft and drop 1 floor!
 81117 | Coc:6    | Noticed an ancient lich
 81124 | Coc:7    | Entered Level 7 of Cocytus
 81356 | Coc:7    | Paralysed by a wendigo for 1 turns
 81695 | Coc:7    | Noticed Antaeus
 81707 | Coc:7    | Killed Antaeus
 81737 | Coc:7    | Found the ring of Shadows {Umbra +Inv Stlth+}
 81754 | Coc:7    | Got an icy rune of Zot
 81803 | Coc:7    | Paralysed by a wendigo for 1 turns
 81869 | Coc:7    | Paralysed by a wendigo for 1 turns
 82155 | Tar:1    | Entered Level 1 of Tartarus
 82952 | Tar:3    | Found a huge runed translucent gate.
 82952 | Tar:3    | Found a huge runed translucent gate.
 82952 | Tar:3    | Found a huge runed translucent gate.
 82952 | Tar:3    | Found a huge runed translucent gate.
 82952 | Tar:3    | Found a huge runed translucent gate.
 82952 | Tar:3    | Found a huge runed translucent gate.
 82952 | Tar:3    | Found a huge runed translucent gate.
 82952 | Tar:3    | Found a huge runed translucent gate.
 82952 | Tar:3    | Found a huge runed translucent gate.
 82952 | Tar:3    | Found a huge runed translucent gate.
 82952 | Tar:3    | Found a huge runed translucent gate.
 82952 | Tar:3    | Found a huge runed translucent gate.
 82954 | Tar:3    | Found a huge runed translucent gate.
 82959 | Tar:3    | Found a huge runed translucent gate.
 82960 | Tar:3    | Found a huge runed translucent gate.
 82961 | Tar:3    | Found a huge runed translucent gate.
 83510 | Tar:7    | Entered Level 7 of Tartarus
 84050 | Tar:7    | Noticed an ancient lich
 84056 | Tar:7    | Killed an ancient lich
 84542 | Tar:7    | Noticed Ereshkigal
 84579 | Tar:7    | Killed Ereshkigal
 84603 | Tar:7    | Got a bone rune of Zot
 84846 | Geh:1    | Entered Level 1 of Gehenna
 86053 | Geh:7    | Entered Level 7 of Gehenna
 87091 | Geh:7    | Found the +13 sceptre of Asmodeus
 87091 | Geh:7    | Noticed Asmodeus
 87106 | Geh:7    | Killed Asmodeus
 87194 | Geh:7    | Got an obsidian rune of Zot
 87276 | Geh:7    | Noticed a dread lich
 87281 | Geh:7    | Killed a dread lich
 87535 | Crypt:1  | Entered Level 1 of the Crypt
 87956 | Crypt:1  | Acquired the Lessons on Pyromania and Topomancy
 87968 | Crypt:1  | Learned a level 9 spell: Fire Storm
 88453 | Crypt:2  | Identified the +4 robe of Lethargy {Dex+5}
 88453 | Crypt:2  | Noticed Boris
 88456 | Crypt:2  | Killed Boris
 88693 | Crypt:2  | Noticed Mennas
 88697 | Crypt:2  | Killed Mennas
 89013 | Crypt:3  | Entered Level 3 of the Crypt
 89043 | Crypt:3  | Noticed Jory
 89054 | Crypt:2  | Killed Jory
 89450 | Crypt:3  | Found a staircase to the Tomb.
 89574 | Crypt:3  | Noticed a dread lich
 89578 | Crypt:3  | Killed a dread lich
 89903 | Crypt:3  | Found a basalt altar of Yredelemnul.
 89910 | Crypt:3  | Found an ancient bone altar of Kikubaaqudgha.
 89939 | Crypt:3  | Got Borgnjor's Thoughts on the Dead
 89942 | Crypt:3  | Acquired 1063 gold pieces
 89989 | Crypt:3  | Identified the ring "Giahyif" {rN++ Dex+6}
 89989 | Crypt:3  | Identified the ring of Xicostrec {Fire *Slow rN++ Int-2
                  | Dex+5 SInv}
 89989 | Crypt:3  | Identified the ring "Dosefa Camo" {rF+ rN++ Will- Str+4}
 89993 | Crypt:3  | Identified the +6 longbow of Dried Tears {flame, rElec rC+}
 90088 | Tomb:1   | Entered Level 1 of the Tomb of the Ancients
 90554 | Tomb:1   | Noticed a royal mummy
 90563 | Tomb:1   | Killed a royal mummy
 90678 | Tomb:1   | Noticed a royal mummy
 90683 | Tomb:1   | Killed a royal mummy
 91222 | Tomb:3   | Entered Level 3 of the Tomb of the Ancients
 91225 | Tomb:3   | Noticed a royal mummy
 91226 | Tomb:3   | Noticed a royal mummy
 91226 | Tomb:3   | Noticed a royal mummy
 91226 | Tomb:3   | Noticed a royal mummy
 91228 | Tomb:3   | Noticed a royal mummy
 91228 | Tomb:3   | Noticed a royal mummy
 91231 | Tomb:3   | Got a golden rune of Zot
 91232 | Tomb:3   | Got a sanguine gem with 650 turns to spare
 91234 | Tomb:3   | Noticed a royal mummy
 91237 | Tomb:3   | Identified the +3 robe "Dapiogys" {rElec rF- Will-
                  | Archmagi}
 91237 | Tomb:3   | Noticed Boris
 91772 | Dis:1    | Entered Level 1 of the Iron City of Dis
 93134 | Dis:7    | Entered Level 7 of the Iron City of Dis
 93537 | Dis:7    | Noticed a juggernaut
 93551 | Dis:7    | Killed a juggernaut
 94009 | Dis:7    | Noticed a juggernaut
 94018 | Dis:7    | Killed a juggernaut
 94167 | Dis:7    | Noticed Dispater
 94171 | Dis:7    | Killed Dispater
 94198 | Dis:7    | Got an iron rune of Zot
 94250 | Dis:7    | Noticed a juggernaut
 94256 | Dis:7    | Killed a juggernaut
 95142 | Zot:5    | Noticed an orb of fire
 95220 | Zot:5    | Noticed an ancient lich
 95227 | Zot:5    | Killed an ancient lich
 95254 | Zot:5    | Killed an orb of fire
 95291 | Zot:5    | Killed an ancient lich
 95296 | Zot:5    | Killed a dread lich
 95301 | Zot:5    | Killed a dread lich
 95466 | Zot:5    | Killed a dread lich
 95522 | Zot:5    | Got the Orb of Zot
 95645 | Zot:1    | Noticed Gulyon the pandemonium lord
 95651 | Zot:1    | Killed Gulyon the pandemonium lord
 96062 | D:$      | Escaped with the Orb!

Illustrated notes

Levels and vault maps discovered:
D:1:      co_arrival_square_in_a_square_in_a_square, layout_basic
D:2:      layout_rooms
D:3:      layout_loops_ring, nicolae_ecumenical_pavilion, serial_bayou_pond_e,
          uniq_sigmund
D:4:      layout_cave_pools, mainiacjoe_overflow_small_starburst,
          minmay_temple_entry_butterflies, gammafunk_ghost_necromancy
D:5:      layout_basic, mainiacjoe_overflow_alcove_1, lemuel_crystal_altar,
          saegor_snake_ambush
D:6:      layout_cave_pools, grunt_temple_overflow_open, minmay_starry_boxes,
          uniq_menkaure
D:7:      layout_rooms, kennysheep_mini_moat, serial_shops,
          nicolae_shop_pleasant_corner_grove
D:8:      black_bear_nest_2, layout_gridville,
          mainiacjoe_overflow_surrounded_room
D:9:      layout_gridville, nicolae_kikubaaqudgha_miasma_corner,
          elyvilon_altar_5, old_standard_altar, serial_shops,
          nicolae_square_shop, nicolae_shop_overgrown_old_shop, shop,
          uniq_prince_ribbit1
D:10:     layout_roguey, mainiacjoe_overflow_cross_hatched, lair_entry_dummy,
          zombieorc2_lemuel, gammafunk_ghost_smash
D:11:     layout_loops_ring, yredelemnul_altar_generic, uniq_maurice
D:12:     wad_arrow_thing, layout_basic, gauntlet_entry_generic,
          minmay_statue_crystal_thing
D:13:     kennysheep_blocky_hall, layout_loops_ring
D:14:     layout_loops_corners, ximxim_vaults_locker_room,
          dreamdust_princess_bridge, hangedman_aviary, uniq_nessos
D:15:     grunt_enter_depths_hoard, layout_cave_pools, minmay_crystal_room
Temple:   nicolae_temple_bog_church
Lair:1:   layout_concentric_octagons, cheibrodos_lair_reptile_den,
          infiniplex_staircase_pool
Lair:2:   layout_regular_city, grunt_megastairs_5
Lair:3:   layout_cave_pods, alex1729_swamp_entry_worm_eleionoma,
          minmay_snake_entry_guardpost_small, uniq_snorg
Lair:4:   wad_woods_structure_01, layout_regular_city, minmay_lindwurm_lava
Lair:5:   evilmike_catoblepas_cave, layout_loops_ring, slime_entry_1,
          cheibrodos_lair_lostbears, uniq_sonja
Swamp:1:  layout_basic_swamp, evilmike_swamp_ruin_house_6, uniq_kirke
Swamp:2:  layout_basic_swamp, hangedman_swamp_ruin_wall, swamp_pool_3
Swamp:3:  nicolae_swamp_husk_halls, layout_basic_swamp, basic_altar,
          swamp_pool_1_2, beargit_elvish_explorers
Swamp:4:  swamp_fiery, layout_basic_swamp
Snake:1:  layout_layer_cave, grunt_megastairs_1, uniq_mlioglotl, uniq_aizul,
          uniq_louise
Snake:2:  layout_chambers, serial_shops, nicolae_shop_bloodbath_and_beyond,
          gammafunk_ghost_abyssal_escape, statue_in_the_mist_lemuel
Snake:3:  layout_basic, serial_shops, bzr_entry_customers
Snake:4:  grunt_snake_rune_serpentine_throne, layout_cave_town, st_stairs_14,
          grunt_ministairs_11
Slime:1:  layout_caves
Slime:2:  layout_caves
Slime:3:  layout_caves
Slime:4:  layout_caves
Slime:5:  slime_pit_nicolae_jellycorners
Orc:1:    layout_caves, nicolae_volcano_entry_vermiform, special_room
          [special_room_orc]
Orc:2:    st_orc_congregation, layout_caves
Elf:1:    elf_arrival_001, layout_loops_corners, serial_shops,
          nicolae_shop_advertising_works [nicolae_subvault_shop_adworks],
          minmay_elf_demonology, grunt_megastairs_4
Elf:2:    nicolae_elf_blades_crystal_corner, layout_geoelf_octagon,
          serial_shops, nicolae_shop_hallway_plus
Elf:3:    elf_hall, layout_rooms, serial_shops, nicolae_shop_rolling_square,
          shop, shop, nicolae_shop_gaudy_bauble, nicolae_shop_statue_plus,
          uniq_zenata, uniq_asterion
Vaults:1: nicolae_vaults_diamond_1, hangedman_vaults_locks,
          hangedman_vaults_corner_blocks, v_alt_pattern_5,
          nicolae_vaults_surprise_closet, nicolae_vaults_double_plus_1,
          nicolae_vaults_ring_of_whatevers, nicolae_vaults_tetromino_Z_2,
          layout_vaults_omnigrid, serial_shops, shop
Vaults:2: hangedman_vaults_maws, nicolae_vaults_ellipses_ellipsis,
          nicolae_vaults_tetromino_L_1, nicolae_vaults_wrenched,
          nicolae_vaults_diamond_1, nicolae_vaults_windows_and_doors_thing,
          hangedman_vaults_slice, v_alt_pattern_3, ontoclasm_vaults_hangar,
          nicolae_vaults_network_quinsquares
          [nicolae_vaults_network_quincunx_subvault,
          nicolae_vaults_network_quincunx_subvault,
          nicolae_vaults_network_quincunx_subvault,
          nicolae_vaults_network_quincunx_subvault], vaults_dpeg_cross,
          v_misc_14, st_cells, nicolae_vaults_trapezoid_2,
          nicolae_vaults_tetromino_L_1, nicolae_vaults_house_1,
          layout_vaults_omnicross, serial_shops, shop, nicolae_shop_trees
Vaults:3: grunt_vaults_hallway_short, minmay_crypt_entry_simple_box,
          nicolae_vaults_what_the_h, hangedman_vaults_stretched_pinwheel,
          nicolae_vaults_network_star, nicolae_vaults_frosty_reception,
          serial_library_hellmonk_big_corner, v_misc_26,
          nicolae_vaults_back_hallway, grunt_vaults_hallway_short, v_misc_15,
          layout_vaults_omnibox
Vaults:4: st_lines, grunt_vaults_trifunnel, v_misc_9, v_misc_11,
          nicolae_vaults_surprise_closet, v_misc_14, nicolae_vaults_turnstiles,
          nicolae_vaults_closet_pinwheel_3, nicolae_vaults_big_angled_halls,
          vaults_dpeg_encased_lava, vaults_room_door_ring,
          layout_vaults_maze_bifur, nicolae_trove_entry_free_sample,
          serial_shops, bzr_firewalk, uniq_margery, uniq_bai_suzhen
Vaults:5
Crypt:1:  layout_basic, minmay_strange_pillars, due_unseen_surprise,
          grunt_crypt_arrival_split
Crypt:2:  layout_gridlike, uniq_boris, uniq_mennas
Crypt:3:  lightli_unholy_cathedral, layout_chaotic_city,
          tomb_entry_forgotten_bobbens, nicolae_crypt_smalloseum, uniq_jory
Tomb:1
Tomb:2
Tomb:3
Depths:1: layout_cave_shapes, enter_ziggurat_b, pf_hell_entry_tar_river,
          kennysheep_big_empty_room, pan_entry, abyss_entry, grunt_ministairs_5,
          lemuel_statue_altar, nicolae_lava_and_water, kennysheep_small_circle,
          serial_bayou_shore_b, serial_bayou_shore_b, uniq_enchantress
Depths:2: minmay_the_grid_triangle_9x9_rhombus_full
          [minmay_the_grid_triangle_9x9_warning,
          minmay_the_grid_triangle_9x9_fully_insulated_deathbox,
          minmay_the_grid_triangle_9x9_cache,
          minmay_the_grid_triangle_9x9_descending_squares,
          minmay_the_grid_triangle_9x9_semitri,
          minmay_the_grid_triangle_9x9_thin_v,
          minmay_the_grid_triangle_9x9_longest,
          minmay_the_grid_triangle_9x9_prize_top_heavy], layout_small_grid,
          grunt_pan_entry_zigzag, abyss_entry, pf_coc_iceberg, minivault_16,
          kennysheep_underground_church
Depths:3: kennysheep_scales, layout_basic, pan_entry, serial_bayou_pond_b,
          abyss_entry, hell_entry
Depths:4: evilmike_zot_entry_round, layout_gridlike, hell_entry, pan_entry,
          nicolae_uskayaw_en_pointe, minmay_shop_grove
Hell
Dis:1:    layout_gridville
Dis:2:    layout_regular_city, nrook_loot_triangle
Dis:3:    layout_overlapping_boxes
Dis:4:    layout_jigsaw, nicolae_hells_seeping_fissure
Dis:5:    nicolae_dis_heavy_handed_symbolism
Dis:6:    layout_gridville
Dis:7:    dis_grunt_layers
Geh:1:    layout_gehenna_pools_triple
Geh:2:    layout_gehenna_pools_triple, lemuel_flamethrower_3
Geh:3:    layout_gehenna_pools_basic, nicolae_hells_seeping_fissure
Geh:4:    layout_gehenna_lava_caves
Geh:5:    layout_gehenna_pools_triple, minmay_fire_ice_demons
Geh:6:    layout_gehenna_pools_basic
Geh:7:    geh_old
Coc:1:    layout_cocytus_water_paths
Coc:2:    layout_ice_bergs
Coc:3:    layout_ice_bergs
Coc:4:    layout_cocytus_delve
Coc:5:    layout_ice_bergs, nicolae_hells_seeping_fissure
Coc:6:    layout_cocytus_delve
Coc:7:    coc_hangedman
Tar:1:    layout_cathedral_of_symmetry
Tar:2:    minmay_shadows, layout_grid_maze, nicolae_hells_fiendish_ambush
Tar:3:    layout_grid_maze, door_vault
Tar:4:    layout_catacombs
Tar:5:    layout_catacombs
Tar:6:    layout_grid_maze
Tar:7:    tar_mu [tar_mu_maze]
Zot:1:    layout_onion_interference
Zot:2:    layout_cathedral_of_symmetry
Zot:3:    layout_cellular_growth
Zot:4:    layout_onion, skrybe_zot_glass_2
Zot:5:    layout_basic, hangedman_zot_decor_scrapings

Skill      XL: |  1  2  3  4  5  6  7  8  9 10 11 12 13 14 15 16 17 18 19 20 21 22 23 24 25 26 27 |
---------------+----------------------------------------------------------------------------------+-----
Conjurations   | 1 2 3 4 5 6 9 22 | 22.0
Spellcasting   | 3 4 5 7 8 11 13 14 15 16 18 19 20 21 22 23 24 25 26 27 | 27.0
Earth Magic    | 3 4 5 6 7 8 11 18 | 18.0
Fighting       | 1 3 7 10 25 | 25.4
Dodging        | 4 6 7 8 9 10 13 | 13.3
Fire Magic     | 1 4 6 7 9 10 11 12 13 14 16 18 22 | 22.0
Alchemy        | 1 4 6 7 8 |  8.0
Air Magic      | 3 6 7 9 10 12 13 15 16 22 | 22.0
Shields        | 3 6 8 9 10 12 14 15 16 | 16.0
Armour         | 1 5 7 |  7.0
Evocations     | 4 10 13 | 13.1
Staves         | 5 9 10 12 | 12.0
Stealth        | |  1.5

Action                     |  1- 3 |  4- 6 |  7- 9 | 10-12 | 13-15 | 16-18 | 19-21 | 22-24 | 25-27 || total
---------------------------+-------+-------+-------+-------+-------+-------+-------+-------+-------++-------
  Melee: Dagger            |       |    30 |    47 |       |     3 |       |       |       |       ||    80
         Staff             |       |       |       |    14 |    18 |    42 |    43 |    47 |   645 ||   809
   Cast: Sandblast         |    69 |    86 |    10 |       |       |       |       |       |       ||   165
         Stone Arrow       |       |       |   183 |   399 |   760 |   263 |   253 |    31 |       ||  1889
         Passwall          |       |       |     1 |     2 |       |       |       |       |     4 ||     7
         Sticky Flame      |       |       |       |    12 |    27 |       |       |       |       ||    39
         Irradiate         |       |       |       |     8 |    38 |    67 |    46 |    37 |    61 ||   257
         Fulminant Prism   |       |       |       |       |    17 |     4 |     2 |       |       ||    23
         Fireball          |       |       |       |       |    39 |    79 |    87 |    33 |       ||   238
         Arcjolt           |       |       |       |       |    16 |    26 |       |       |       ||    42
         Apportation       |       |       |       |       |     2 |       |     6 |       |     4 ||    12
         Plasma Beam       |       |       |       |       |    27 |   361 |   295 |   108 |   203 ||   994
         Petrify           |       |       |       |       |     4 |       |       |       |       ||     4
         Ignition          |       |       |       |       |       |       |    41 |    96 |   196 ||   333
         Maxwell's Capacit |       |       |       |       |       |       |     1 |    27 |   247 ||   275
         Bombard           |       |       |       |       |       |       |       |   369 |   463 ||   832
         Lehudib's Crystal |       |       |       |       |       |       |       |       |  1283 ||  1283
         Chain Lightning   |       |       |       |       |       |       |       |       |   119 ||   119
         Blink             |       |       |       |       |       |       |       |       |     2 ||     2
  Evoke: Wand              |       |       |     4 |     8 |     2 |       |     1 |       |     9 ||    24
         Condenser vane    |       |       |       |       |     1 |       |     1 |       |     1 ||     3
         Box of beasts     |       |       |       |       |       |     1 |     1 |       |     2 ||     4
         Lightning rod     |       |       |       |       |       |     3 |       |       |       ||     3
         Horn of Geryon    |       |       |       |       |       |       |       |       |     2 ||     2
    Use: Scroll            |       |       |     5 |     8 |    13 |     2 |     5 |    11 |    37 ||    81
   Stab: Sleeping          |       |       |     1 |       |       |       |       |       |       ||     1
         Petrified         |       |       |       |       |     2 |       |       |       |       ||     2
 Armour: Robe              |    21 |    44 |    78 |   133 |    73 |       |       |       |       ||   349
         Leather armour    |       |       |       |       |   130 |   316 |   104 |       |       ||   550
         Ring mail         |       |       |       |       |       |       |    89 |    61 |       ||   150
         Acid dragon scale |       |       |       |       |       |       |       |   144 |  1246 ||  1390
  Dodge: Dodged            |    18 |    46 |    69 |   182 |   329 |   293 |   161 |   202 |  1170 ||  2470
  Block: Kite shield       |       |       |       |       |    37 |   271 |   150 |   144 |  1541 ||  2143

Table legend: (Time is in decaauts)
 A = Elapsed time spent in this place.
 B = Non-inter-level travel time spent in this place.
 C = Inter-level travel time spent in this place.
 D = Time resting spent in this place.
 E = Time spent auto-exploring this place.
 F = Levels seen in this place.
 G = Mean time per level.
                   A        B        C        D        E       F      G
               +--------+--------+--------+--------+--------+-----+--------+
         Total |  96350 |  87106 |   9244 |   1922 |  63872 | 113 |  852.7 |
       Dungeon |  20073 |  17224 |   2849 |    221 |  14018 |  15 | 1338.2 |
        Temple |      1 |      1 |      0 |      0 |      0 |   1 |    1.0 |
          Lair |   6293 |   5402 |    891 |      6 |   4203 |   5 | 1258.6 |
         Swamp |   3733 |   3558 |    175 |    173 |   2687 |   4 |  933.2 |
     Snake Pit |   5256 |   5005 |    251 |     88 |   3943 |   4 | 1314.0 |
    Slime Pits |    747 |    721 |     26 |    169 |     99 |   5 |  149.4 |
  Orcish Mines |   2352 |   2043 |    309 |      0 |   1266 |   2 | 1176.0 |
   Elven Halls |   2829 |   2694 |    135 |     50 |   2098 |   3 |  943.0 |
        Vaults |   8489 |   7317 |   1172 |     47 |   5807 |   5 | 1697.8 |
         Crypt |   2647 |   2465 |    182 |     46 |   1890 |   3 |  882.3 |
          Tomb |   1396 |   1173 |    223 |     12 |    804 |   3 |  465.3 |
        Depths |   7613 |   6281 |   1332 |     95 |   5135 |   4 | 1903.2 |
          Hell |   1002 |    803 |    199 |      0 |    597 |   1 | 1002.0 |
           Dis |   2485 |   2261 |    224 |     94 |   1226 |   7 |  355.0 |
       Gehenna |   2485 |   2370 |    115 |     65 |   1621 |   7 |  355.0 |
       Cocytus |   1544 |   1483 |     61 |     38 |    696 |   7 |  220.6 |
      Tartarus |   2625 |   2213 |    412 |      0 |   1615 |   7 |  375.0 |
           Zot |   6331 |   5649 |    682 |    169 |   4403 |   5 | 1266.2 |
         Abyss |    386 |    386 |      0 |      0 |    161 |   4 |   96.5 |
   Pandemonium |  16755 |  16755 |      0 |    646 |  11155 |  16 | 1047.2 |
        Bazaar |    279 |    279 |      0 |      0 |    141 |   2 |  139.5 |
         Trove |     57 |     57 |      0 |      0 |     37 |   1 |   57.0 |
       Volcano |    248 |    248 |      0 |      3 |    144 |   1 |  248.0 |
      Gauntlet |    714 |    714 |      0 |      0 |    125 |   1 |  714.0 |
               +--------+--------+--------+--------+--------+-----+--------+

Top non-repeatable levels by time:
Depths:2: 2529 daAuts
    D:10: 2387 daAuts
Depths:1: 2001 daAuts
Vaults:2: 1913 daAuts
    D:14: 1865 daAuts
Vaults:1: 1800 daAuts
 Snake:2: 1719 daAuts
     D:6: 1691 daAuts
Vaults:5: 1691 daAuts
   Zot:1: 1680 daAuts
Depths:4: 1658 daAuts
 Snake:4: 1655 daAuts
Vaults:4: 1641 daAuts
  Lair:3: 1633 daAuts
Vaults:3: 1443 daAuts
